 Dungeon Crawl Stone Soup version 0.25-a0-517-gf8b3a32422 (webtiles) character file.

Game seed: 13573631795358130530, levelgen mode: deterministic

2 drasked the Magician (level 1, 0/10 HPs)
             Began as a Deep Elf Wizard on Feb 18, 2020.
             Slain by a bat (1 damage)
             ... on level 1 of the Dungeon.
             The game lasted 00:01:01 (81 turns).

drasked the Magician (Deep Elf Wizard)                Turns: 81, Time: 00:01:02

Health: 0/10       AC:  2    Str:  4    XL:     1   Next: 33%
Magic:  0/7        EV: 13    Int: 22    God:
Gold:   0          SH:  0    Dex: 13    Spells: 7/8 levels left

rFire    . . .     SeeInvis .   c - +0 whip
rCold    . . .     Gourm    .   (no shield)
rNeg     . . .     Faith    .   a - +0 robe
rPois    .         Spirit   .   b - +0 hat
rElec    .         Reflect  .   (no cloak)
rCorr    .         Harm     .   (no gloves)
MR       .....                  (no boots)
Stlth    ++........             (no amulet)
HPRegen  0.03/turn              (no ring)
MPRegen  0.10/turn              (no ring)

@: no status effects
A: no striking features
a: no special abilities


You were on level 1 of the Dungeon.
You were not hungry.

You visited 1 branch of the dungeon, and saw 1 of its levels.

Inventory:

Hand Weapons
 c - a +0 whip (weapon)
   (You found it on level 1 of the Dungeon)
Armour
 a - a +0 robe (worn)
 b - a +0 hat (worn)
Comestibles
 e - a ration


   Skills:
 - Level 2.4 Dodging
 - Level 2.4 Stealth
 - Level 4.4 Spellcasting
 + Level 1.5 Conjurations
   Level 1.1 Summonings
   Level 1.1 Translocations


You had 7 spell levels left.
You knew the following spells:

 Your Spells              Type           Power        Failure   Level  Hunger
a - Magic Dart            Conj           ##..         5%          1    None

Your spell library contained the following spells:

 Spells                   Type           Power        Failure   Level  Hunger
 Blink                    Tloc           N/A          11%         2    #......
 Call Imp                 Summ           #.......     11%         2    #......
 Slow                     Hex            #.......     16%         2    #......
 Conjure Flame            Conj/Fire      #.......     24%         3    ##.....
 Mephitic Cloud           Conj/Pois/Air  #.......     26%         3    ##.....


Dungeon Overview and Level Annotations

Branches:
Dungeon (1/15)

Altars:


Message History

A kobold comes into view. It is wielding a +0 short sword.
The jackal closely misses you.
Aim: a jackal (lightly wounded)
The magic dart hits the jackal but does no damage.
The jackal bites you but does no damage.
Aim: a jackal (lightly wounded)
You miscast Magic Dart.
You are very lightly contaminated with residual magic.
Nothing appears to happen.
The jackal closely misses you. The jackal barely misses you.
The jackal barely misses you.
The kobold throws a stone.
The stone barely misses you.
The kobold throws a stone.
The stone closely misses you. The jackal closely misses you.
The kobold throws a stone.
The stone closely misses you.
You hear a splash.
The kobold throws a stone.
The stone hits you but does no damage. The jackal bites you.
The kobold throws a stone.
The stone hits you but does no damage.
You see here a stone.
The jackal misses you.
The kobold throws a stone.
The stone hits you but does no damage.
You see here a stone.
The jackal barely misses you.
Found a stone staircase leading down.
The jackal barely misses you.
The jackal bites you but does no damage.
Aim: a jackal The magic dart hits the jackal but does no damage.
The jackal closely misses you.
Aim: a jackal The magic dart hits the jackal but does no damage.
The jackal misses you. The jackal barely misses you.
Aim: a jackal The magic dart hits the jackal.
* * * LOW MAGIC WARNING * * *
The jackal misses you. The jackal misses you.
Your magical contamination has completely faded away.
Aim: a jackal (severely wounded)
The magic dart hits the jackal.
* * * LOW MAGIC WARNING * * *
The jackal barely misses you. The jackal bites you.
* * * LOW HITPOINT WARNING * * *
The jackal stops to sniff the ground.
The jackal closely misses you.
A dart slug comes into view.
The dart slug moves out of view.
You see here a fizzy white potion.
You see here a whip.
c - a whip The jackal bites you but does no damage.
The jackal closely misses you.
c - a +0 whip (weapon)
You hit the jackal but do no damage. The jackal misses you. x2
Aim: a jackal (severely wounded)
The magic dart hits the jackal.
You kill the jackal!
* * * LOW MAGIC WARNING * * *
The jackal closely misses you.
A bat comes into view.
The jackal bites you.
* * * LOW HITPOINT WARNING * * *
You closely miss the jackal.
The jackal bites you but does no damage.
The bat closely misses you.
You hit the jackal but do no damage. The bat hits you but does no damage.
The jackal closely misses you.
The jackal bites you but does no damage.
You hit the jackal. The bat closely misses you.
The jackal bites you but does no damage.
You closely miss the bat. The bat hits you but does no damage.
The jackal bites you but does no damage.
The jackal completely misses you.
Aim: a jackal (moderately wounded)
The magic dart hits the jackal.
* * * LOW MAGIC WARNING * * *
The bat hits you but does no damage. The jackal barely misses you.
You closely miss the jackal. The bat barely misses you.
The jackal closely misses you. The jackal bites you.
* * * LOW HITPOINT WARNING * * *
You miss the jackal. The bat barely misses you.
The jackal bites you but does no damage.
Aim: a jackal (almost dead)
The magic dart hits the jackal but does no damage.
* * * LOW MAGIC WARNING * * *
The bat hits you but does no damage. The jackal misses you.
The jackal bites you.
* * * LOW HITPOINT WARNING * * *
You hit the jackal.
You kill the jackal!
The bat hits you but does no damage. The bat hits you.
* * * LOW HITPOINT WARNING * * *
You completely miss the bat. The bat hits you but does no damage.
The bat barely misses you.
You hit the bat but do no damage. The bat closely misses you.
The bat hits you but does no damage.
You completely miss the bat. The bat hits you.
You die...

####### ####.....#
####....b@..# ###
#........#....# ..#
#.##.†####....#
##.###..#.#.# ....#
... ...###.# ....#
####.# #.#.!#[.#....#
.....####.K##[###....#
#.#........#.# ....#
#.#K###..####..##..


You could see a bat.

Levels and vault maps discovered:
D:1:      denvon_arrival_waterhouse, layout_basic,
          chequers_serial_rivers_small_3, minmay_octomino_j4

Notes
Turn   | Place    | Note
-------+----------+-------------------------------------------
     0 | D:1      | drasked the Deep Elf Wizard began the quest for the Orb.
     0 | D:1      | Reached XP level 1. HP: 10/10 MP: 7/7
    25 | D:1      | Identified a +2 dagger of venom
    30 | D:1      | Identified a +0 short sword
    61 | D:1      | Identified a +0 whip (You found it on level 1 of the
                  | Dungeon)
    74 | D:1      | HP: 2/10 [jackal (1)]
    81 | D:1      | Slain by a bat

Table legend:
 A = Turns spent in this place as a percentage of turns spent in the entire game.
 B = Non-inter-level travel turns spent in this place as a percentage of non-inter-level travel turns spent in the entire game.
 C = Inter-level travel turns spent in this place as a percentage of turns spent in this place.
 D = Turns resting spent in this place as a percentage of non-inter-level travel turns spent in this place.
 E = Turns spent auto-exploring this place as a percentage of non-inter-level travel turns spent in this place.
 F = Non-inter-level travel turns spent in this place divided by the number of levels of this place that you've seen.
                   A       B       C       D       E      F
               +-------+-------+-------+-------+-------+----------------------
         Total | 100.0 | 100.0 |   0.0 |   0.0 |  28.4 |  81.0
       Dungeon | 100.0 | 100.0 |   0.0 |   0.0 |  28.4 |  81.0
               +-------+-------+-------+-------+-------+----------------------

Table legend:
 A = Kills in this place as a percentage of kills in entire the game.
 B = Kills by you in this place as a percentage of kills by you in the entire game.
 C = Kills by friends in this place as a percentage of kills by friends in the entire game.
 D = Other kills in this place as a percentage of other kills in the entire game.
 E = Experience gained in this place as a percentage of experience gained in the entire game.
 F = Experience gained in this place divided by the number of levels of this place that you have seen.
                   A       B       C       D       E      F
               +-------+-------+-------+-------+-------+----------------------
         Total | 100.0 | 100.0 |   N/A |   N/A | 100.0 |   4.0
       Dungeon | 100.0 | 100.0 |   N/A |   N/A | 100.0 |   4.0
               +-------+-------+-------+-------+-------+----------------------

Action                   || total
-------------------------++-------
Melee: Whip              ||    11
 Cast: Magic Dart        ||    11
Armor: Robe              ||    17
Dodge: Dodged            ||    34

Vanquished Creatures
  2 jackals (D:1)
2 creatures vanquished.
